 Dungeon Crawl Stone Soup version 0.24.0-1-gfbc8707122 (webtiles) character file.

Game seed: 14226843241530439472, levelgen mode: deterministic

770 ponchio the Skirmisher (level 7, -3/48 HPs)
             Began as a Gargoyle Fighter on Oct 28, 2019.
             Slain by a gnoll
             ... wielding a +0 halberd
              (8 damage)
             ... on level 4 of the Dungeon.
             The game lasted 00:16:27 (4129 turns).

ponchio the Skirmisher (Gargoyle Fighter)           Turns: 4129, Time: 00:16:28

Health: -3/48      AC: 11    Str: 19      XL:     7   Next: 83%
Magic:  7/7        EV:  8    Int:  9      God:
Gold:   174        SH: 10    Dex: 10 (11) Spells: 6/6 levels left

rFire    . . .     SeeInvis .   a - +1 flail
rCold    . . .     Gourm    .   c - +1 shield
rNeg     + . .     Faith    .   k - +0 ring mail
rPois    ∞         Spirit   .   s - +0 helmet
rElec    +         Reflect  .   (no cloak)
rCorr    .         Harm     .   (no gloves)
MR       +....                  (no boots)
Stlth    ..........             (no amulet)
HPRegen  0.16/turn              q - ring of protection from magic
MPRegen  0.10/turn              (no ring)

@: no status effects
A: negative energy resistance 1, electricity resistance, unbreathing,
petrification resistance, rot immunity, AC +4
a: no special abilities


You were on level 4 of the Dungeon.
You were not hungry.

You visited 1 branch of the dungeon, and saw 4 of its levels.
You also visited: Sewer.

You collected 174 gold pieces.

Inventory:

Hand Weapons
 a - a +1 flail (weapon)
Armour
 b - a +0 scale mail
 c - a +1 shield (worn)
 k - a +0 ring mail (worn)
 o - a +0 hat
 s - a +0 helmet (worn)
Jewellery
 e - a cursed ring of teleportation {unknown}
 q - a ring of protection from magic (left hand)
Wands
 i - a wand of digging (1)
 m - a wand of acid (7)
Scrolls
 p - 2 scrolls of identify
Potions
 d - 2 potions of might
 g - 6 potions of curing
 h - a potion of ambrosia {unknown}
 j - 4 potions of flight {unknown}
 l - a potion of haste
 n - a potion of lignification
 r - a potion of mutation {unknown}
 u - a potion of cancellation {unknown}
Comestibles
 f - 5 rations
 t - 2 chunks of flesh


   Skills:
 + Level 7.3 Fighting
 + Level 6.2 Maces & Flails
 - Level 3.3 Armour
 - Level 3.3 Shields


You had 6 spell levels left.
You didn't know any spells.
Your spell library was empty.

Dungeon Overview and Level Annotations

Branches:
Dungeon (4/15)              Sewer (visited)
 Temple: D:4-7

Altars:
Ashenzari
Dithmenos
Hepliaklqana
Kikubaaqudgha
Okawaru
Trog
Wu Jian


Innate Abilities, Weirdness & Mutations

You are resistant to torment.
Your stone body is resilient. (AC +4)
You are immune to poison.
You resist negative energy. (rN+)
You are resistant to electric shocks. (rElec)
You can survive without breathing.
You are immune to petrification.
You are immune to rotting.


Message History

You block the gnoll's attack. The gnoll hits you with a +0 halberd!
* * * LOW HITPOINT WARNING * * *
The gnoll hits you with a +0 halberd.
* * * LOW HITPOINT WARNING * * *
The gnoll barely misses you. You block the gnoll's attack.
The orc wizard mumbles some strange words.
The orc wizard blinks!
You block the gnoll's attack.
The gnoll hits you with a +0 quarterstaff.
* * * LOW HITPOINT WARNING * * *
You block the orc's attack.
The orc priest looks encouraged for a moment.
The orc hits you but does no damage. The orc hits you but does no damage.
The orc priest looks braver for a moment.
The orc wizard casts a spell.
The orc wizard blinks!
The orc priest looks satisfied for a moment.
The gnoll hits you from afar with a +0 halberd!
You die...

......# #..#..###..##
.......##.##.###....# .
..#............##...# ..
##............###...#
...#.......o.....##..#.#
#.......?.<..........#..
......................#.
.........gg........#..#.
#....@o.og.o........##
#....<...o..........###
#....#...###.....##....#
..#...........######.###
. #..##.......# .# ....
######.## ## .## ###


You could see an orc priest, 2 orc wizards, 3 gnolls and 2 orcs.

Vanquished Creatures
  Grinder (Sewer)
  A big kobold (Sewer)
  A scorpion (D:3)
  2 quasits (Sewer)
  Natasha (thrice) (D:2)
  A worker ant (D:4)
  A big kobold zombie (Sewer)
  Robin (D:2)
  4 gnolls
  A howler monkey skeleton (D:4)
  5 adders
  4 shadow imps (Sewer)
  4 worms
  3 dart slugs
  3 leopard geckos
  6 orcs (D:3)
  11 giant cockroaches
  17 goblins
  9 hobgoblins
  8 jackals
  3 quokkas
  2 ball pythons
  6 bats
  A frilled lizard (D:1)
  28 kobolds
  10 rats
136 creatures vanquished.

Vanquished Creatures (others)
  A kobold zombie (Sewer)
1 creature vanquished.

Grand Total: 137 creatures vanquished

Notes
Turn   | Place    | Note
-------+----------+-------------------------------------------
     0 | D:1      | ponchio the Gargoyle Fighter began the quest for the Orb.
     0 | D:1      | Reached XP level 1. HP: 14/14 MP: 1/1
    72 | D:1      | Reached XP level 2. HP: 19/19 MP: 2/2
   247 | D:1      | Reached XP level 3. HP: 22/24 MP: 3/3
   253 | D:1      | Reached skill level 4 in Fighting
   766 | D:2      | Noticed Natasha
   776 | D:2      | Killed Natasha
   776 | D:2      | Reached XP level 4. HP: 30/30 MP: 4/4
   813 | D:2      | Noticed Natasha
   824 | D:2      | Killed Natasha
   958 | D:2      | Noticed Natasha
   969 | D:2      | Killed Natasha
  1074 | D:2      | Reached XP level 5. HP: 34/34 MP: 5/5
  1116 | D:2      | Found a bloodstained altar of Trog.
  1120 | D:2      | Noticed Robin
  1467 | D:2      | Reached skill level 5 in Fighting
  1711 | D:2      | Killed Robin
  1797 | D:2      | Found a hazy altar of Hepliaklqana.
  1797 | D:2      | Found a shadowy altar of Dithmenos.
  1797 | D:2      | Found an ancient bone altar of Kikubaaqudgha.
  2423 | D:3      | Reached XP level 6. HP: 38/41 MP: 6/6
  3055 | D:4      | Reached skill level 6 in Fighting
  3064 | D:4      | Found an ornate altar of the Wu Jian Council.
  3064 | D:4      | Found an iron altar of Okawaru.
  3066 | D:4      | Found a shattered altar of Ashenzari.
  3191 | D:4      | Found a glowing drain.
  3195 | Sewer    | Entered a sewer
  3404 | Sewer    | Reached skill level 5 in Maces & Flails
  3498 | Sewer    | Found a burning altar of Makhleb.
  3588 | Sewer    | Noticed Grinder
  3628 | Sewer    | Killed Grinder
  3628 | Sewer    | Reached XP level 7. HP: 18/47 MP: 7/7
  3874 | Sewer    | Reached skill level 7 in Fighting
  4129 | D:4      | Slain by a gnoll

Levels and vault maps discovered:
D:1:      nzn_arrival_crosshair, layout_basic, minmay_pentomino_u4
D:2:      layout_basic, gammafunk_temple_overflow_claw, first_ration,
          trog_three_pillars_becter, uniq_robin, uniq_natasha
D:3:      layout_basic
D:4:      layout_cave_pools, chequers_temple_overflow_statue_of_worship,
          gup_sewer_entry_bowl

Skill      XL: |  1  2  3  4  5  6  7 |
---------------+----------------------+-----
Fighting       | 4 5 6 7 |  7.3
Maces & Flails | 3 4 5 6 |  6.2
Armour         | |  3.3
Shields        | |  3.3

Action                   |  1- 3 |  4- 6 |  7- 9 || total
-------------------------+-------+-------+-------++-------
Melee: Flail             |    88 |   396 |    50 ||   534
  Use: Scroll            |       |     8 |     2 ||    10
       Potion            |       |     1 |       ||     1
  Eat: Chunk             |       |     7 |     1 ||     8
       Ration            |       |     1 |       ||     1
Armor: Scale mail        |    42 |       |       ||    42
       Ring mail         |     7 |   257 |    41 ||   305
Dodge: Dodged            |    23 |   190 |    30 ||   243
Block: Shield            |    50 |   269 |    53 ||   372
